 Dungeon Crawl Stone Soup version 0.21.0-26-g889b8f6 (webtiles) character file.

1551 nikopol the Chopper (level 8, -2/49 HPs)
             Began as a Gargoyle Fighter on Jan 27, 2018.
             Killed from afar by Ijyb (7 damage)
             ... with a wand of flame (22)
             ... on level 5 of the Dungeon.
             The game lasted 00:12:36 (6712 turns).

nikopol the Chopper (Gargoyle Fighter)              Turns: 6712, Time: 00:12:38

Health: -2/49      AC: 13    Str: 21    XL:     8   Next: 88%
Magic:  8/8        EV:  9    Int:  9    God:
Gold:   180        SH: 10    Dex: 10    Spells: 7/7 levels left

rFire    . . .     SeeInvis .   a - +0 war axe
rCold    . . .     Gourm    .   c - +0 shield
rNeg     + . .     Faith    .   b - +0 scale mail
rPois    ∞         Spirit   .   (no helmet)
rElec    +         Reflect  .   (no cloak)
rCorr    +         Harm     +   (no gloves)
MR       .....                  (no boots)
Stlth    ..........             o - amulet of harm
HPRegen  0.16/turn              k - ring of resist corrosion
MPRegen  0.11/turn              (no ring)

@: no status effects
A: negative energy resistance 1, electricity resistance, unbreathing,
petrification resistance, rot immunity, AC +5
a: no special abilities


You were on level 5 of the Dungeon.
You were not hungry.

You visited 1 branch of the dungeon, and saw 5 of its levels.

You collected 180 gold pieces.

Inventory:

Hand Weapons
 a - a +0 war axe (weapon)
Missiles
 s - 2 throwing nets (quivered)
Armour
 b - a +0 scale mail (worn)
 c - a +0 shield (worn)
Jewellery
 k - a ring of resist corrosion (left hand)
 o - an amulet of harm (around neck)
Wands
 l - a wand of random effects (18)
Scrolls
 e - 4 scrolls of remove curse
 h - 2 scrolls of immolation {unknown}
 j - a scroll of blinking {unknown}
 n - 2 scrolls of amnesia {unknown}
 t - a scroll of enchant armour {unknown}
 u - a scroll of identify {unknown}
Potions
 d - a potion of degeneration {unknown}
 g - 3 potions of brilliance {unknown}
 i - a potion of invisibility
 m - 2 potions of haste
 p - 3 potions of lignification {unknown}
 q - a potion of flight {unknown}
Books
 r - a book of Minor Magic

   Spells                             Type                      Level
   a - Magic Dart                     Conjuration                  1
   b - Blink                          Translocation                2
   c - Call Imp                       Summoning                    2
   d - Slow                           Hexes                        2
   e - Conjure Flame                  Conjuration/Fire             3
   f - Mephitic Cloud                 Conjuration/Poison/Air       3
Comestibles
 f - 5 rations
 w - 4 chunks of flesh


   Skills:
 + Level 5.1 Fighting
 + Level 6.5 Axes
 + Level 5.9 Armour
 + Level 2.3 Dodging
 + Level 0.5 Stealth
 + Level 6.3 Shields


You had 7 spell levels left.
You didn't know any spells.

Dungeon Overview and Level Annotations

Branches:
Dungeon (5/15)
 Temple: D:4-7

Altars:
Makhleb
Xom
Zin
The Shining One

Annotations:
D:5 Ijyb


Innate Abilities, Weirdness & Mutations

You are resistant to torment.
Your stone body is resilient. (AC +5)
You are immune to poison.
You resist negative energy. (rN+)
You are resistant to electric shocks. (rElec)
You can survive without breathing.
You are immune to petrification.
You are immune to rotting.


Message History

You closely miss Ijyb.
Ijyb is severely wounded.
You block Ijyb's attack. Ijyb barely misses you.
You closely miss Ijyb.
Ijyb is severely wounded.
You block Ijyb's attack.
You hit Ijyb.
Ijyb is severely wounded.
Ijyb zaps a wand.
The puff of flame hits you!
* * * LOW HITPOINT WARNING * * *
You hit Ijyb.
Ijyb is almost dead.
Ijyb hits you with a dagger.
* * * LOW HITPOINT WARNING * * *
You hit Ijyb but do no damage.
Ijyb is almost dead.
Ijyb zaps a wand.
The puff of flame hits you!
* * * LOW HITPOINT WARNING * * *
Ijyb zaps a wand.
The puff of flame hits you!
You die...

##...###..###.....####
##.#.###..# #.....#
..........# ###'#######
##.#.####.# #.#.....#
...#..# #.# #.#.....#
##....###.# #.#.....#
##.....##.# #.#.....#
.......##.#####g#.....#
.......##.......@(....#
'#####..#.#####.#%....#
..# ##.#.# #.#.....#
..# #.#.# #.#.....# ..#
#.#.# #.####### ..#
#..=#####.# ..#
#.........# ..#
#..>#####.#
..#####.#.#####.#


You could see Ijyb.

Vanquished Creatures
  Prince Ribbit (D:5)
  Eustachio (D:4)
  The ghost of loralnil the Covered, an amateur GrFi (D:3)
  A phantom (D:4)
  2 ogres
  2 scorpions (D:5)
  2 howler monkeys
  A jelly (D:5)
  7 orc wizards
  Natasha (thrice) (D:4)
  4 worker ants
  A hound skeleton (D:5)
  4 gnolls
  7 adders
  A shadow imp (D:4)
  5 worms
  2 dart slugs
  3 leopard geckos
  19 orcs
  2 ball pythons (D:1)
  9 bats
  4 giant cockroaches
  8 goblins
  10 hobgoblins
  9 jackals
  17 kobolds
  4 quokkas
  2 frilled lizards (D:2)
  A leopard gecko skeleton (D:5)
  5 rats
138 creatures vanquished.

Notes
Turn   | Place    | Note
-------+----------+-------------------------------------------
     0 | D:1      | nikopol the Gargoyle Fighter began the quest for the Orb.
     0 | D:1      | Reached XP level 1. HP: 14/14 MP: 1/1
   402 | D:1      | Reached XP level 2. HP: 15/19 MP: 2/2
   861 | D:1      | Reached XP level 3. HP: 23/23 MP: 3/3
  1833 | D:2      | Reached XP level 4. HP: 25/28 MP: 4/4
  1933 | D:2      | Found a burning altar of Makhleb.
  1977 | D:2      | Found a glowing golden altar of the Shining One.
  2643 | D:3      | Reached XP level 5. HP: 33/33 MP: 5/5
  3067 | D:3      | Noticed loralnil's ghost (amateur GrFi)
  3339 | D:3      | HP: 1/33 [loralnil's ghost (7)]
  3770 | D:3      | Reached skill level 1 in Dodging
  4399 | D:3      | Killed loralnil's ghost
  4399 | D:3      | Reached XP level 6. HP: 7/38 MP: 6/6
  4900 | D:4      | Reached skill level 5 in Armour
  4925 | D:4      | Reached skill level 5 in Shields
  4925 | D:4      | Reached XP level 7. HP: 23/43 MP: 7/7
  5258 | D:4      | Noticed Natasha
  5269 | D:4      | Killed Natasha
  5310 | D:4      | Noticed Eustachio
  5361 | D:4      | Killed Eustachio
  5600 | D:4      | Found a glowing silver altar of Zin.
  5863 | D:4      | Reached XP level 8. HP: 39/48 MP: 8/8
  5925 | D:4      | Reached skill level 5 in Axes
  6030 | D:4      | Noticed Natasha
  6035 | D:4      | Killed Natasha
  6094 | D:4      | Noticed Natasha
  6099 | D:4      | Killed Natasha
  6152 | D:5      | Entered Level 5 of the Dungeon
  6563 | D:5      | Found a shimmering altar of Xom.
  6625 | D:5      | Noticed Prince Ribbit
  6628 | D:5      | Killed Prince Ribbit
  6628 | D:5      | Reached skill level 5 in Fighting
  6695 | D:5      | Noticed Ijyb
  6712 | D:5      | Killed from afar by Ijyb

Skill      XL: |  1  2  3  4  5  6  7  8 |
---------------+-------------------------+-----
Axes           | 2 3 4 6 |  6.5
Shields        | 4 5 6 |  6.3
Armour         | 4 5 |  5.9
Dodging        | 1 2 |  2.3
Fighting       | 4 5 |  5.1
Stealth        | |  0.5

Action                   |  1- 3 |  4- 6 |  7- 9 || total
-------------------------+-------+-------+-------++-------
Melee: War axe           |   138 |   241 |   222 ||   601
  Use: Potion            |       |       |     1 ||     1
       Scroll            |       |       |     1 ||     1
  Eat: Chunk             |     3 |    10 |     7 ||    20
Armor: Scale mail        |    95 |   134 |   220 ||   449
Dodge: Dodged            |    45 |    86 |   112 ||   243
Block: Shield            |   108 |   145 |   160 ||   413
